 Dungeon Crawl Stone Soup version 0.29-a0-8-g0446c0dae4 (webtiles) character file.

Game seed: 13445596095398732445

709 freelancePsychic the Magician (level 8, 0/58 HPs)
             Began as a Djinni Conjurer on Jan 27, 2022.
             Was an Initiate of Ru.
             Slain by a centaur (3 damage)
             ... on level 5 of the Dungeon.
             The game lasted 00:09:33 (6286 turns).

freelancePsychic the Magician (Djinni Conjurer)     Turns: 6286, Time: 00:09:34

Health: 0/58       AC:  4    Str:  6    XL:     8   Next: 0%
Gold:   147        EV: 12    Int: 27    God:    Ru [......] SH:  0 Dex: 18

rFire   + + .      SeeInvis .   n - +2 whip (elec)
rCold   . . .      Faith    .   (no shield)
rNeg    + . .      Spirit   .   a - +0 robe
rPois   ∞          Reflect  .   o - +2 hat of the Planets {rElec rC+ Int+5}
rElec   +          Harm     .   (no cloak)
rCorr   .          Rampage  .   (no gloves)
Will    .....                   (boots unavailable)
Stlth   ++........              (no amulet)
HPRegen 0.19/turn               g - ring of positive energy
MPRegen 0.00/turn               d - +6 ring of dexterity

@: flying
A: sickness immunity, fire resistance 2, cold vulnerability 1, float, innate
caster, hp casting, extra vitality 1
a: Renounce Religion


You were on level 5 of the Dungeon.
You worshipped Ru.
Ru was noncommittal.
You visited 2 branches of the dungeon, and saw 6 of its levels.

You collected 147 gold pieces.

Inventory:

Hand Weapons
 n - a +2 whip of electrocution (weapon)
Armour
 a - a +0 robe (worn)
 o - the +2 hat of the Planets (worn) {rElec rC+ Int+5}
   (You found it on level 4 of the Dungeon)

   Int:       It affects your intelligence (+5).
   rC:        It protects you from cold.
   rElec:     It insulates you from electricity.
Jewellery
 d - a +6 ring of dexterity (right hand)
 g - a ring of positive energy (left hand)
Scrolls
 c - 3 scrolls of identify {@r1}
 f - a scroll of torment
 i - a scroll of enchant armour
 m - a scroll of enchant weapon {unknown}
Potions
 b - 2 potions of flight {unknown}
 e - 2 potions of curing {unknown}
 h - a potion of mutation {unknown}
 j - a potion of cancellation {unknown}
 k - 3 potions of haste {unknown}
 l - a potion of might {unknown}


   Skills:
 + Level 4.4 Fighting
 - Level 2.1 Dodging
 - Level 1.5 Stealth
 * Level 6.1 Spellcasting


You couldn't memorise any spells.
You knew the following spells:

 Your Spells              Type           Power      Damage    Failure   Level
a - Magic Dart            Conj           100%       1d8       1%          1
b - Searing Ray           Conj           82%        2d7       1%          2
c - Dazzling Flash        Conj/Hex       82%        N/A       1%          3
d - Fulminant Prism       Conj/Hex       20%        3d13      4%          4
e - Iskenderun's Mystic   Conj/Tloc      41%        2d9       4%          4
f - Beastly Appendage     Tmut           82%        N/A       1%          1
g - Corpse Rot            Necr/Air       82%        N/A       1%          2
h - Static Discharge      Conj/Air       41%        N/A       1%          2
Your spell library was empty.

Dungeon Overview and Level Annotations

Branches:
Dungeon (5/15)             Temple (1/1) D:5

Altars:
Ashenzari
Cheibriados
Dithmenos
Elyvilon
Fedhas
Gozag
Hepliaklqana
Kikubaaqudgha
Makhleb
Nemelex Xobeh
Okawaru
Qazlal
Ru
Sif Muna
Trog
Uskayaw
Vehumet
Wu Jian
Xom
Yredelemnul
The Shining One


Innate Abilities, Weirdness & Mutations

You are immune to sickness and miasma.
You are immune to poison.
Your flesh is very heat resistant. (rF++)
You are vulnerable to cold. (rC-)
You float through the air rather than walking.
You learn spells naturally, not from books.
Your magical power is your life essence.
You have superior vitality. (+4 MHP)


Message History

Confirm with . or Enter, or press ? or * to list all spells.
You erupt in a blast of force!
The mystic blast hits the worm!
The worm is heavily wounded.
The worm is knocked back by the mystic blast.
You hear a shout!
You are too injured to fight recklessly!
Casting: Iskenderun's Mystic Blast (dangerous; 4% risk of failure)
Confirm with . or Enter, or press ? or * to list all spells.
You erupt in a blast of force!
The mystic blast hits the worm.
The worm is heavily wounded.
The worm is knocked back by the mystic blast.
The worm slams into the rock wall!
The worm is severely wounded.
Casting: Iskenderun's Mystic Blast (dangerous; 4% risk of failure)
Confirm with . or Enter, or press ? or * to list all spells.
Aiming: Searing Ray (safe; 1% risk of failure)
Press: ? - help, Shift-Dir - straight line, f - worm
Aim: a worm (severely wounded, 94% to hit)
The searing ray hits the worm!
You kill the worm! (Press . to maintain the ray.)
You hear a shout!
Unknown command.
Okay, then.
The centaur wields a +0 shortbow.
The centaur shoots an arrow.
The arrow hits you!
The centaur shoots an arrow.
The arrow hits you.
The centaur shoots an arrow.
The arrow hits you!
* * * LOW HITPOINT WARNING * * *
The centaur unwields a +0 shortbow.
The centaur hits you but does no damage.
The centaur kicks you.
* * * LOW HITPOINT WARNING * * *
Casting: Searing Ray (safe; 1% risk of failure)
Confirm with . or Enter, or press ? or * to list all spells.
You erupt in a blast of force!
The mystic blast hits the centaur.
The centaur is moderately wounded.
* * * LOW HITPOINT WARNING * * *
The centaur hits you.
You die...

#.#...........#
######)#<#####.#####
#).)g....# #.#
#.####.### #.# #)#
#.# #.# #)# #.# #.#
#.# #.# #.#
#.#.####c# #.#
#......@.# #.#
###.###### #.# #.#
#.# #.# #.# #.# #.#
#.# #.# #.. #.# ####
## #.# #.# ...# #.#
#.#


You could see a centaur.

Vanquished Creatures
  An ogre (D:5)
  A phantom (D:4)
  A centaur (D:4)
  2 scorpions
  A jelly (D:4)
  2 orc priests (D:4)
  Jessica (D:2)
  2 orc wizards
  4 gnolls (D:5)
  An adder (D:3)
  A white imp (D:5)
  4 worms
  2 dart slugs
  12 orcs
  8 bats
  9 endoplasms
  4 giant cockroaches
  6 goblins
  10 hobgoblins
  13 jackals
  4 kobolds
  2 quokkas
  10 ball pythons
  3 frilled lizards
  7 rats
111 creatures vanquished.

Notes
Turn   | Place    | Note
-------+----------+-------------------------------------------
     0 | D:1      | freelancePsychic the Djinni Conjurer began the quest for
                  | the Orb.
     0 | D:1      | Reached XP level 1. HP: 15/15 MP: 0/0
   228 | D:1      | Reached XP level 2. HP: 18/22 MP: 0/0
   513 | D:1      | Reached skill level 1 in Fighting
   743 | D:1      | Reached XP level 3. HP: 24/27 MP: 0/0
   743 | D:1      | Learned a level 1 spell: Beastly Appendage
  1706 | D:2      | Reached XP level 4. HP: 26/32 MP: 0/0
  1707 | D:2      | Reached skill level 4 in Spellcasting
  1936 | D:2      | Noticed Jessica
  2367 | D:2      | Killed Jessica
  2600 | D:3      | Reached XP level 5. HP: 27/38 MP: 0/0
  2600 | D:3      | Learned a level 2 spell: Corpse Rot
  3356 | D:3      | Found a faded altar of an unknown god.
  3983 | D:4      | Reached XP level 6. HP: 41/45 MP: 0/0
  4109 | D:4      | Reached skill level 5 in Spellcasting
  4316 | D:5      | Entered Level 5 of the Dungeon
  4317 | D:5      | Noticed an ogre
  4616 | D:4      | Reached XP level 7. HP: 44/50 MP: 0/0
  4616 | D:4      | Learned a level 2 spell: Static Discharge
  5559 | D:4      | Identified the +2 hat of the Planets {rElec rC+ Int+5}
  5688 | D:5      | Found a staircase to the Ecumenical Temple.
  5697 | Temple   | Entered the Ecumenical Temple
  5741 | Temple   | Became a worshipper of Ru the Awakened
  6143 | D:5      | Reached skill level 6 in Spellcasting
  6152 | D:5      | Noticed a yak
  6175 | D:5      | Reached XP level 8. HP: 26/58 MP: 0/0
  6286 | D:5      | Slain by a centaur

Illustrated notes

Levels and vault maps discovered:
D:1:      psy_arrival_radial02, layout_basic
D:2:      layout_rooms, uniq_jessica
D:3:      layout_loops_ring, shapermc_ecumenical_altar_ellora,
          roderic_serpentine_path
D:4:      layout_loops_ring
D:5:      layout_loops_ring, minmay_temple_entry_overgrown, kennysheep_potato
Temple:   grunt_wide_crystal_templ

Skill      XL: |  1  2  3  4  5  6  7 |
---------------+----------------------+-----
Fighting       | 1 2 3 4 |  4.4
Spellcasting   | 4 5 6 |  6.1
Dodging        | |  2.1
Stealth        | |  1.5

Action                   |  1- 3 |  4- 6 |  7- 9 || total
-------------------------+-------+-------+-------++-------
 Cast: Magic Dart        |    30 |       |       ||    30
       Searing Ray       |    20 |    46 |    12 ||    78
       Corpse Rot        |       |     1 |       ||     1
       Iskenderun's Myst |       |       |    24 ||    24
       Static Discharge  |       |       |     4 ||     4
  Use: Scroll            |     1 |     1 |       ||     2
Armor: Robe              |       |     7 |     4 ||    11
Dodge: Dodged            |       |    23 |    14 ||    37

Table legend: (Time is in decaauts)
 A = Elapsed time spent in this place.
 B = Non-inter-level travel time spent in this place.
 C = Inter-level travel time spent in this place.
 D = Time resting spent in this place.
 E = Time spent auto-exploring this place.
 F = Levels seen in this place.
 G = Mean time per level.
                   A        B        C        D        E       F      G
               +--------+--------+--------+--------+--------+-----+--------+
         Total |   6284 |   6075 |    209 |    117 |   5298 |   6 | 1047.3 |
       Dungeon |   6213 |   6021 |    192 |    117 |   5263 |   5 | 1242.6 |
        Temple |     71 |     55 |     16 |      0 |     35 |   1 |   71.0 |
               +--------+--------+--------+--------+--------+-----+--------+

Top non-repeatable levels by time:
     D:4: 1702 daAuts
     D:1: 1406 daAuts
     D:3: 1381 daAuts
     D:2: 1186 daAuts
     D:5: 535 daAuts
  Temple: 71 daAuts
